Zazza, neutral female human Tourist ------ .....| ......| . ......| ...... #fh.. ## ##C## # ### #### ------------- ### .<..........| #### |...........-####################` #.... |...........| >..| |...........| (.| |........(..| ..| ------------- --- Zazza the Rambler Experience level: 1 Strength: 15 Dexterity: 8 Constitution: 15 Intelligence: 17 Wisdom: 10 Charisma: 18 Health: 0(19) Energy: 3(3) Def: 4 Gold: 2129 Moves: 5784 Dungeon seed: wG2UeThpUyCjPKzR Game ID: Zazza_1619560465 Your Inventory: Coins $ - 2129 gold pieces Weapons a - 37 +2 darts S - 2 +0 silver daggers (wielded) Armor e - an uncursed +0 helmet (being worn) n - an uncursed +0 cloak of invisibility (being worn) q - an uncursed +0 pair of leather gloves (being worn) y - an uncursed +0 elven cloak N - an uncursed +0 pair of jumping boots (being worn) Comestibles d - 5 uncursed food rations Scrolls i - 2 uncursed scrolls of magic mapping Spellbooks s - an uncursed spellbook of cure sickness Potions h - 2 uncursed potions of extra healing p - an uncursed potion of blindness t - an uncursed potion of fruit juice v - an uncursed potion of speed x - an uncursed potion of sleeping Rings w - an uncursed +2 ring of gain constitution Wands u - a wand of magic missile (0:3) A - a wand of lightning (0:6) B - a wand of locking (0:3) Tools j - an expensive camera (0:79) k - an uncursed skeleton key Gems r - an uncursed worthless piece of blue glass Spells and supernatural/magical abilities: Name Level Category Fail Memory W - pray for help -- divine ? -- Y - supernatural jump -- ability ? -- Your skills at the end: Fighting Skills Weapon Skills dart [Basic] Spellcasting Skills Final Attributes: You were stridently aligned. You were invisible. You could jump. You were lucky. You are dead. Vanquished creatures: a small mimic a shrieker 3 kobold lords 3 dwarf zombies a wererat a werejackal an iguana a coyote a gas spore a hobbit a large kobold 2 hobgoblins 8 giant rats 3 cave spiders a brown mold a yellow mold a red mold 2 gnome zombies 4 geckos 7 jackals a kobold 3 goblins 9 sewer rats 13 grid bugs 11 lichens a kobold zombie 10 newts 92 creatures vanquished. Voluntary challenges: You had followed a strict vegan diet until turn 2214. You had followed a strict vegetarian diet until turn 2214. You used a wielded weapon 3 times, starting on turn 4442. You read items or engraved 21 times, starting on turn 203. You never genocided any monsters. You never polymorphed an object. You never changed form. You used no wishes. You never split a pudding. You wrote Elbereth's name 15 times, starting on turn 2349. You never violated your personal moral code. Dungeon overview: The Dungeons of Doom: levels 1 to 8 Level 1 a long staircase Level 2 a jewelry store, an altar to The Lady Level 3 an armor shop stairs to The Gnomish Mines Level 4 a general store Level 5 a fountain Level 6 some fountains Level 7 some fountains Level 8 <- You were here a throne The Gnomish Mines: Level 4 stairs to The Dungeons of Doom History has recorded: On T:1 you entered the Dungeons of Doom to retrieve the Amulet of Yendor! On T:347 you reached level 2 of The Dungeons of Doom. On T:888 you reached level 3 of The Dungeons of Doom. On T:1093 you reached level 1 of The Gnomish Mines. On T:1487 you reached level 4 of The Dungeons of Doom. On T:2281 you reached level 5 of The Dungeons of Doom. On T:5006 you reached level 6 of The Dungeons of Doom. On T:5418 you reached level 7 of The Dungeons of Doom. On T:5697 you reached level 8 of The Dungeons of Doom. Score breakdown: Gold: 1334 (10631 points) Experience: 1 level ( 0 points) Exploration: 8 levels ( 17.02%) (11702 points) Discoveries: 23 items ( 7.72%) ( 8334 points) Valuables value: (no points given unless you survive) Artifact value: 0 ( 0 points) Variety of kills: 27 monsters ( 7.09%) ( 7986 points) Turncount: 5784 turns (-1569 points) Survival: died (score multiplied by 80%) Total score: 29667 Latest messages: Aloha Zazza, the human Tourist, welcome back to NetHack! You are lucky! Full moon tonight. (2x) You displace your large cat. You hear some noises. You displace Armand. Something is written here in the dust. You read: "|l|? c??". You displace your large cat. The large cat bites the bugbear. The bugbear hits the large cat. The forest centaur thrusts her orcish dagger. The forest centaur hits! You die... Final status: Aloha Zazza the Tourist, killed by a forest centaur... You died in The Dungeons of Doom on dungeon level 8 with 29667 points, and 2129 pieces of gold, after 5784 moves. You were level 1 with a maximum of 19 hit points when you died.